 Dungeon Crawl Stone Soup version 0.29.0-4-gdea44cf6ec (webtiles) character file.

Game seed: 7450923434345233593

9 qw the Sneak (level 2, -2/19 HPs)
             Began as a Gargoyle Delver on Sept 10, 2022.
             Slain by an adder (4 damage)
             ... on level 5 of the Dungeon.
             The game lasted 00:00:03 (70 turns).

qw the Sneak (Gargoyle Delver)                        Turns: 70, Time: 00:00:03

Health: -2/19      AC:  5    Str: 15    XL:     2   Next: 12%
Magic:  2/2        EV: 11    Int: 10    God:
Gold:   16         SH:  0    Dex: 11    Spells: 1/1 levels left

rFire   . . .      SeeInvis .   a - +0 hand axe
rCold   . . .      Faith    .   (no shield)
rNeg    + . .      Spirit   .   b - +0 leather armour
rPois   inf        Reflect  .   (no helmet)
rElec   +          Harm     .   (no cloak)
rCorr   .          Rampage  .   (no gloves)
Will    .....                   (no boots)
Stlth   +++.......              (no amulet)
HPRegen 0.06/turn               (no ring)
MPRegen 0.08/turn               (no ring)

@: no status effects
A: sickness immunity, AC +2, negative energy resistance 1, electricity
resistance, torment resistance 1, petrification resistance
a: no special abilities


You were on level 5 of the Dungeon.
You visited 1 branch of the dungeon, and saw 1 of its levels.

You collected 16 gold pieces.


Innate Abilities, Weirdness & Mutations

You are immune to sickness and miasma.
Your stone body is resilient. (AC +2)
You are immune to poison.
You resist negative energy. (rN+)
You are resistant to electric shocks. (rElec)
You are resistant to unholy torment.
You are immune to petrification.


   Skills:
 - Level 3.2 Fighting
 + Level 2.5 Axes
 - Level 1.5 Dodging
 - Level 5.4 Stealth


You had one spell level left.
You didn't know any spells.
Your spell library was empty.

Inventory:

Hand Weapons
 a - a +0 hand axe (weapon)
Armour
 b - a +0 leather armour (worn)
Wands
 g - a wand of digging (3)
Potions
 f - a potion of haste
 h - a potion of flight {unknown}
 i - a potion of curing {unknown}

Dungeon Overview and Level Annotations

Branches:
Dungeon (5/15)
 Temple: D:4-7

Altars:

Shops:
D:5 =


Message History

You miss the adder. The adder bites you but does no damage.
You hit the adder but do no damage. x2
The adder closely misses you. The adder bites you. The adder misses you.
The adder bites you but does no damage.
You closely miss the adder. You barely miss the adder. The adder bites you. x2
You miss the adder. You closely miss the adder.
The adder bites you but does no damage. The adder closely misses you.
The adder barely misses you. The adder closely misses you.
You closely miss the adder. You barely miss the adder.
The adder closely misses you. The adder bites you but does no damage.
You closely miss the adder. You hit the adder but do no damage.
The adder barely misses you. x2; The adder bites you but does no damage.
The adder bites you.
You hit the adder.
The adder is lightly wounded.
You miss the adder.
The adder bites you. x2; The adder misses you.
The adder barely misses you.
You slash the adder!
The adder is severely wounded.
You hit the adder. The adder bites you but does no damage.
The adder closely misses you.
You closely miss the adder.
The adder is severely wounded.
You miss the adder. The adder bites you.
The adder bites you but does no damage. The adder closely misses you.
The adder bites you but does no damage.
You hit the adder.
The adder is almost dead.
You closely miss the adder.
The adder bites you but does no damage. x2
You hit the adder.
You kill the adder!
You closely miss the adder. The adder bites you. The adder barely misses you.
Your Axes skill increases to level 2!
You have reached level 2!
You barely miss the adder. The adder bites you.
You die...

#.# #.# #.# #.#
#.####.##########.
#...............<.
#####.#.#####...#.
#...###.##.......
#..## ##?@%......
#...###.##S..[...
##.#.#.# ##$..#.
#.##.## ..#
#.....# .#
##########.# #
......?.##.#
###.##.#######
#..#..........


You could see an adder.

Vanquished Creatures
  An adder (D:5)
1 creature vanquished.

Notes
Turn   | Place    | Note
-------+----------+-------------------------------------------
     0 | D:5      | qw the Gargoyle Delver began the quest for the Orb.
     0 | D:5      | Reached XP level 1. HP: 14/14 MP: 1/1
     0 | D:5      | 0 ||| qw: Version: 0.1-a-116-g5d60599
     0 | D:5      | 0 ||| qw: Game counter: 9122
     0 | D:5      | 0 ||| qw: Always use a shield: true
     0 | D:5      | 0 ||| qw: God list: Okawaru
     0 | D:5      | 0 ||| qw: Allow faded altars: false
     0 | D:5      | 0 ||| qw: Do Orc after D:15 true
     0 | D:5      | 0 ||| qw: Do second Lair branch before Depths: true
     0 | D:5      | 0 ||| qw: Lair rune preference: random
     0 | D:5      | 0 ||| qw: Plans: Normal
     0 | D:5      | 0 ||| PLANNING D:1-11
     5 | D:5      | 5 ||| SHOPLISTING +4 ring of evasion (396 gold, have 0).
     5 | D:5      | 5 ||| SHOPLISTING +4 ring of protection (396 gold, have 0).
     5 | D:5      | 5 ||| SHOPLISTING +6 ring of strength (396 gold, have 0).
     5 | D:5      | 5 ||| SHOPLISTING ring of ice (275 gold, have 0).
     5 | D:5      | 5 ||| SHOPLISTING ring of resist corrosion (220 gold, have
                  | 0).
     5 | D:5      | 5 ||| SHOPLISTING ring of see invisible (165 gold, have 0).
    47 | D:5      | 47 ||| DROPPING scroll of fog.
    48 | D:5      | 48 ||| DROPPING scroll of magic mapping.
    49 | D:5      | 49 ||| DROPPING scroll of fear.
    67 | D:5      | HP: 3/14 [adder (1)]
    69 | D:5      | HP: 1/14 [adder (2)]
    70 | D:5      | Reached XP level 2. HP: 2/19 MP: 2/2
    70 | D:5      | Slain by an adder

Levels and vault maps discovered:
D:5:      layout_loops_ring, nicolae_wu_jian_wuxing_cycle,
          ebering_ghost_rock_garden, serial_shops, shop, st_stairs_9

Skill      XL: |  1 |
---------------+----+-----
Axes           | 2 |  2.5
Fighting       | |  3.2
Dodging        | |  1.5
Stealth        | |  5.4

Action                   || total
-------------------------++-------
Melee: Hand axe          ||    12
Armor: Leather armour    ||    10
Dodge: Dodged            ||    14

Table legend:
 A = Non-vault XP
 B = Vault XP
 C = Vault XP percentage of total XP
 D = Non-vault monster count
 E = Vault monster count
 F = Vault count percentage of total count
                 A         B        C        D         E       F
            +---------+---------+-------+---------+---------+-------
      Total |       0 |      13 | 100.0 |       0 |       1 | 100.0
            +---------+---------+-------+---------+---------+-------
        D:5 |       0 |      13 | 100.0 |       0 |       1 | 100.0
            +---------+---------+-------+---------+---------+-------
